 Dungeon Crawl Stone Soup version 0.26.1-2-gb8aa6d0cf2 (webtiles) character file.

Game seed: 11883447332798396898

198 McIrco the Skirmisher (level 5, -1/49 HPs)
             Began as a Palentonga Fighter on Mar 30, 2021.
             Slain by Grinder (3 damage)
             ... while paralysed by Grinder
             ... on level 3 of the Dungeon.
             The game lasted 00:05:47 (3159 turns).

McIrco the Skirmisher (Palentonga Fighter)          Turns: 3159, Time: 00:05:48

Health: -1/49      AC: 10    Str: 19    XL:     5   Next: 47%
Magic:  5/5        EV:  1    Int:  9    God:
Gold:   116        SH:  0    Dex: 10    Spells: 4/4 levels left

rFire    . . .     SeeInvis +   a - +0 war axe
rCold    . . .     Faith    .   c - +0 kite shield
rNeg     . . .     Spirit   .   b - +0 scale mail
rPois    .         Reflect  .   o - +2 helmet
rElec    .         Harm     .   (no cloak)
rCorr    .         Rampage  .   (no gloves)
Will     .....                  (no barding)
Stlth    ..........             (no amulet)
HPRegen  0.16/turn              (no ring)
MPRegen  0.09/turn              (no ring)

@: paralysed
A: large, rugged brown scales 3, see invisible, deformed body, roll 1, armoured
tail
a: Rolling Charge


You were on level 3 of the Dungeon.
You visited 1 branch of the dungeon, and saw 3 of its levels.

You collected 116 gold pieces.

Inventory:

Hand Weapons
 a - a +0 war axe (weapon)
Armour
 b - a +0 scale mail (worn)
 c - a +0 kite shield (worn)
 o - a +2 helmet (worn)
Jewellery
 k - an uncursed amulet of faith {unknown}
 t - a cursed amulet of inaccuracy {unknown}
Scrolls
 e - 2 scrolls of noise {unknown}
 f - 3 scrolls of remove curse {unknown}
 i - 5 scrolls of identify {unknown}
 l - a scroll of immolation {unknown}
 n - 2 scrolls of enchant armour {unknown}
 p - 3 scrolls of enchant weapon {unknown}
 r - a scroll of teleportation {unknown}
Potions
 d - 2 potions of might
 g - 2 potions of curing {unknown}
 h - a potion of mutation {unknown}
 j - a potion of heal wounds {unknown}
 m - a potion of flight {unknown}
 q - a potion of degeneration {unknown}
 s - a potion of invisibility {unknown}


   Skills:
 + Level 3.6 Fighting
 + Level 3.6 Axes
 + Level 3.4 Armour
 + Level 0.2 Dodging
 + Level 0.1 Stealth
 + Level 3.1 Shields


You had 4 spell levels left.
You didn't know any spells.
Your spell library was empty.

Dungeon Overview and Level Annotations

Branches:
Dungeon (3/15)

Altars:
Elyvilon
Fedhas
Nemelex Xobeh
Uskayaw
Xom

Annotations:
D:3 Grinder


Innate Abilities, Weirdness & Mutations

You are completely covered in rugged brown scales. (AC +3, +7% HP)
You have supernaturally acute eyesight. (SInv)
Armour fits poorly on your strangely shaped body.
You can roll at nearby foes to attack.
You have a long armoured tail.


Message History

Grinder is almost dead.
Grinder blinks!
You barely miss Grinder.
Grinder is almost dead.
Grinder hits you.
* * * LOW HITPOINT WARNING * * *
You writhe in agony.
* * * LOW HITPOINT WARNING * * *
Grinder hits you but does no damage.
You hit Grinder. You tail-slap Grinder.
Grinder is almost dead.
Grinder gestures at you.
You suddenly lose the ability to move!
Grinder says, "At least Makhleb appreciates what I'm doing."
Grinder hits you but does no damage. Grinder gestures at you.
You shrug off the repeated paralysis!
Grinder blinks!
Grinder hits you.
You die...

. #.# ##...##.. ..
##.###....##.. ...##
#......_......
....#####..##....###.#
#........##.†)## #.# .
###......####.# #.#
...####......####)####.#
........###............#
.#.#.#.@# #.......######
.......5# #########
...⌠....# _.......#
...⌠...## .......
.#.#.#. ......


You could see Grinder.

Vanquished Creatures
  An orc priest (D:2)
  Robin (D:3)
  3 gnolls (D:3)
  3 adders
  3 oozes
  5 dart slugs
  2 leopard geckos
  7 orcs
  2 ball pythons
  8 bats
  4 giant cockroaches
  9 hobgoblins
  2 quokkas (D:3)
  A frilled lizard (D:3)
  11 goblins
  3 kobolds
  4 rats
69 creatures vanquished.

Notes
Turn   | Place    | Note
-------+----------+-------------------------------------------
     0 | D:1      | McIrco the Palentonga Fighter began the quest for the Orb.
     0 | D:1      | Reached XP level 1. HP: 20/20 MP: 1/1
    36 | D:1      | Reached XP level 2. HP: 25/27 MP: 2/2
  1133 | D:1      | Reached XP level 3. HP: 29/33 MP: 3/3
  1712 | D:2      | Reached XP level 4. HP: 13/40 MP: 4/4
  2409 | D:2      | Found a faded altar of an unknown god.
  2513 | D:2      | Found a sparkling altar of Nemelex Xobeh.
  2688 | D:3      | Found a blossoming altar of Fedhas.
  2752 | D:3      | Reached XP level 5. HP: 46/48 MP: 5/5
  2882 | D:3      | Found a shimmering altar of Xom.
  2908 | D:3      | Found a hide-covered altar of Uskayaw.
  2952 | D:3      | Noticed Robin
  2990 | D:3      | Killed Robin
  3143 | D:3      | Noticed Grinder
  3145 | D:3      | Found a white marble altar of Elyvilon.
  3153 | D:3      | HP: 1/49 [Grinder (5)]
  3154 | D:3      | Paralysed by Grinder for 7 turns
  3159 | D:3      | Slain by Grinder

Illustrated notes

Levels and vault maps discovered:
D:1:      amcnicky_arrival_choice, layout_basic, minmay_hexomino_c4
D:2:      layout_loops_ring, chequers_ecumenical_altar_simple,
          serial_bayou_pond_a, nemelex_dance_club_becter
D:3:      layout_rooms, grunt_temple_overflow_order_and_chaos_1,
          elyvilon_altar_5, nicolae_overflow_hidden_temple,
          nicolae_overflow_crystal_walls, minmay_between, uniq_robin,
          uniq_grinder

Skill      XL: |  1  2  3  4 |
---------------+-------------+-----
Armour         | 3 |  3.4
Axes           | 3 |  3.6
Shields        | 3 |  3.1
Fighting       | |  3.6
Dodging        | |  0.2
Stealth        | |  0.1

Action                   |  1- 3 |  4- 6 || total
-------------------------+-------+-------++-------
Melee: War axe           |    59 |   133 ||   192
       Tailslap          |     5 |    13 ||    18
Armor: Scale mail        |    21 |    88 ||   109
Dodge: Dodged            |    11 |    40 ||    51
Block: Kite shield       |    28 |    66 ||    94
